 Dungeon Crawl Stone Soup version 0.16-a0-3843-ged98c6c (webtiles) character file.

1060 Johnny the Chopper (level 8, -13/63 HPs)
             Began as a Formicid Berserker on Jan 30, 2015.
             Was a Priest of Trog.
             Splashed by a jelly's acid (14 damage)
             ... on level 5 of the Dungeon.
             The game lasted 00:07:15 (4762 turns).

Johnny the Chopper (Formicid Berserker)             Turns: 4762, Time: 00:07:16

Health: -13/63     AC:  6    Str: 21    XL:     8   Next: 52%
Magic:  11/11      EV: 15    Int:  8    God:    Trog [***...]
Gold:   80         SH:  0    Dex: 14    Spells: 0 memorised, 7 levels left

rFire  + + .     SeeInvis +     h - +0 war axe (curse)
rCold  . . .     Clarity  .     f - +0 ring mail (curse)
rNeg   . . .     SustAb   .     (no shield)
rPois  .         Gourm    .     (helmet unavailable)
rElec  .         Spirit   .     (no cloak)
rCorr  .         Warding  .     (no gloves)
rMut   +         Stasis   +     (no boots)
MR     .....                    l - amulet of resist mutation
Stlth  +.........               t - ring of teleport control
                                q - ring of protection from fire

@: very slightly contaminated, invisible, not resistant to hostile enchantments,
very unstealthy
A: permanent stasis, dig shafts and tunnels, four strong arms, antennae 3,
repulsion field 1, agile 1, fire resistance 1
a: Dig, Shaft Self, Burn Spellbooks, Trog's Hand, Renounce Religion, Evoke
Teleport Control


You were on level 5 of the Dungeon.
You worshipped Trog.
Trog was most pleased with you.
You were very hungry.

You visited 1 branch of the dungeon, and saw 5 of its levels.

You collected 80 gold pieces.

Inventory:

Hand weapons
 a - a +0 hand axe
 h - a cursed +0 war axe (weapon)
Armour
 f - a cursed +0 ring mail (worn)
Jewellery
 l - an amulet of resist mutation (around neck)
 q - a ring of protection from fire (left hand)
 t - a ring of teleport control (right hand)
Scrolls
 e - a scroll of fog
 g - 2 scrolls of enchant weapon
 i - 3 scrolls of blinking {unknown}
 s - 2 scrolls of teleportation {unknown}
 v - 3 scrolls of magic mapping {unknown}
 y - 3 scrolls of immolation {unknown}
Potions
 j - a potion of haste
 m - a potion of curing {unknown}
 n - 3 potions of restore abilities {unknown}
 r - a potion of cancellation {unknown}
 u - a potion of might {unknown}
 x - a potion of poison {unknown}
Comestibles
 c - 3 bread rations
 d - 2 meat rations
 o - a slice of pizza
 p - 4 fruits
 w - a royal jelly


   Skills:
 + Level 5.5 Fighting
 * Level 6.6 Axes
 + Level 5.1 Armour
 + Level 4.1 Dodging


You had 7 spell levels left.
You didn't know any spells.

Dungeon Overview and Level Annotations

Branches:
Dungeon (5/15)             Temple (0/1) D:4

Altars:
Gozag
Nemelex Xobeh

Shops:
D:4 (

Annotations:
D:5 Prince Ribbit


Innate Abilities, Weirdness & Mutations

You are under a permanent stasis effect.
You can dig through walls and to a lower floor.
Your four strong arms can wield two-handed weapons with a shield.
You have a pair of large antennae on your head (SInv).
You are surrounded by a mild repulsion field (EV +2).
You are agile. (Dex +2)
Your flesh is heat resistant.


Message History

You slash Edmund!
Edmund is almost dead.
Edmund completely misses you.
You strike the helpless Edmund from behind!
You hit Edmund.
You kill Edmund!
Trog accepts your kill. The jelly hits you.
* * * LOW HITPOINT WARNING * * *
You are splashed with acid!
The acid burns!
* * * LOW HITPOINT WARNING * * *
You slash the jelly!
The jelly is heavily wounded.
The jelly barely misses you.
You slash the jelly!
The jelly is almost dead.
The jelly hits you.
* * * LOW HITPOINT WARNING * * *
You are splashed with acid!
The acid burns!
You die...

####.........##.
#.........####.. #.
##.#........###.#####<..
#.........#..##.#........
#.#.#.....##.#........###.
#........###)#........#$#
#.#.#.######.#..<.....###.
#.....# #.....###...#....
#####.###..#@..###.##
#.......J..###)#
#..#.#.#.#.##.†#
#..........##.##
#..#.#.#.#.#..#
##.........#.##
#.#.#.#.#.#.#
#...........#
#.#.#.#.#..##


You could see a jelly.

Vanquished Creatures
  Edmund (D:5)
  Menkaure (D:4)
  An ice beast (D:5)
  An ogre (D:4)
  Sigmund (D:2)
  2 scorpions (D:5)
  The ghost of 4thArraOfDagon the Bolt Thrower, a weakling MfHu (D:3)
  A hound (D:4)
  3 orc priests
  A giant frog skeleton (D:5)
  A centaur skeleton (D:5)
  2 orc wizards
  7 adders
  2 giant mites
  A worm (D:2)
  2 shadow imps (D:5)
  2 giant geckos
  2 oozes
  19 orcs
  4 ball pythons
  5 bats
  6 giant cockroaches
  9 goblins
  4 hobgoblins
  9 jackals (D:3)
  2 quokkas
  4 giant newts
  5 kobolds
  A quokka skeleton (D:4)
  11 rats
111 creatures vanquished.

Notes
Turn   | Place    | Note
--------------------------------------------------------------
     0 | D:1      | Johnny, the Formicid Berserker, began the quest for the Orb.
     0 | D:1      | Reached XP level 1. HP: 18/18 MP: 1/1
   601 | D:1      | Reached XP level 2. HP: 24/24 MP: 3/3
  1182 | D:2      | Reached XP level 3. HP: 28/30 MP: 4/4
  1462 | D:2      | Noticed Sigmund
  1480 | D:2      | Killed Sigmund
  1480 | D:2      | Reached skill level 4 in Fighting
  1480 | D:2      | Reached XP level 4. HP: 19/37 MP: 5/5
  1480 | D:2      | Reached XP level 5. HP: 21/42 MP: 7/7
  1604 | D:2      | Found a sparkling altar of Nemelex Xobeh.
  1959 | D:3      | Acquired Trog's second power
  1990 | D:3      | Gained mutation: You are surrounded by a mild repulsion field (EV +2). [potion of mutation]
  1990 | D:3      | Gained mutation: Your flesh is heat resistant. [potion of mutation]
  1990 | D:3      | Gained mutation: You are agile. (Dex +2) [potion of mutation]
  2111 | D:3      | Reached XP level 6. HP: 13/48 MP: 8/8
  2744 | D:3      | Noticed 4thArraOfDagon's ghost (weakling MfHu)
  2781 | D:3      | Killed 4thArraOfDagon's ghost
  3150 | D:4      | Reached XP level 7. HP: 35/55 MP: 9/9
  3240 | D:4      | Reached skill level 5 in Axes
  3481 | D:4      | Noticed Menkaure
  3488 | D:4      | Killed Menkaure
  3536 | D:4      | Found an opulent altar of Gozag.
  3545 | D:4      | Found Strog's Weapon Shop.
  3619 | D:4      | Reached skill level 5 in Fighting
  4042 | D:4      | Found a staircase to the Ecumenical Temple.
  4188 | D:5      | Entered Level 5 of the Dungeon
  4191 | D:5      | Noticed Edmund
  4195 | D:5      | Noticed Prince Ribbit
  4322 | D:5      | Reached XP level 8. HP: 62/62 MP: 11/11
  4391 | D:5      | Reached skill level 6 in Axes
  4689 | D:5      | Reached skill level 5 in Armour
  4758 | D:5      | Killed Edmund
  4760 | D:5      | HP: 1/63 [acid (12)]
  4762 | D:5      | Splashed by a jelly's acid

Action                   |  1- 3 |  4- 6 |  7- 9 || total
-------------------------+-------+-------+-------++-------
Melee: Hand axe          |    80 |    69 |       ||   149
       War axe           |       |    84 |   158 ||   242
Invok: Trog's Hand       |       |     1 |     2 ||     3
  Use: Potion            |       |     3 |     2 ||     5
       Scroll            |       |     5 |       ||     5
 Stab: Sleeping          |     1 |       |       ||     1
       Invisible         |       |       |     1 ||     1
  Eat: Chunk             |     1 |     6 |     5 ||    12
